 Dungeon Crawl Stone Soup version 0.26-b1-32-g5d43845318 (webtiles) character file.

Game seed: 17100204540879560004

142 Borgoz the Cudgeller (level 5, 0/48 HPs)
             Began as a Gargoyle Gladiator on Jan 11, 2021.
             Slain by a kobold (2 damage)
             ... on level 3 of the Dungeon.
             The game lasted 00:02:00 (2309 turns).

Borgoz the Cudgeller (Gargoyle Gladiator)           Turns: 2309, Time: 00:02:01

Health: 0/48       AC: 22    Str: 18    XL:     5   Next: 25%
Magic:  5/5        EV:  2    Int:  8    God:
Gold:   83         SH:  0    Dex: 12    Spells: 4/4 levels left

rFire    . . .     SeeInvis .   a - +0 flail
rCold    . . .     Faith    .   (no shield)
rNeg     + + +     Spirit   .   (armour currently unavailable)
rPois    ∞         Reflect  .   (helmet currently unavailable)
rElec    .         Harm     .   (cloak currently unavailable)
rCorr    .         Rampage  .   (gloves currently unavailable)
Will     .....     NoTele   +   (boots currently unavailable)
Stlth    +.........             (no amulet)
HPRegen  0.16/turn              (no ring)
MPRegen  0.09/turn              (no ring)

@: tree-form (expiring), slowed, very slow
A: negative energy resistance 1, petrification resistance, miasma immunity, AC
+4
a: no special abilities


You were on level 3 of the Dungeon.
You were a tree.
You visited 1 branch of the dungeon, and saw 3 of its levels.

You collected 83 gold pieces.

Inventory:

Hand Weapons
 a - a +0 flail (weapon)
Missiles
 d - 3 throwing nets (quivered)
Armour
 b - a +0 leather armour (melded)
 c - a +0 helmet (melded)
Wands
 n - a wand of flame (21)
Scrolls
 e - a scroll of enchant armour {unknown}
 f - 7 scrolls of identify {unknown}
 h - a scroll of blinking {unknown}
 k - 2 scrolls of remove curse {unknown}
 m - a scroll of fog {unknown}
Potions
 g - a potion of lignification


   Skills:
 + Level 3.0 Fighting
 * Level 4.1 Maces & Flails
 - Level 1.7 Throwing
 + Level 2.1 Armour
 * Level 3.3 Dodging


You had 4 spell levels left.
You didn't know any spells.
Your spell library was empty.

Dungeon Overview and Level Annotations

Branches:
Dungeon (3/15)

Altars:
Cheibriados
Dithmenos

Annotations:
D:3 Grinder


Innate Abilities, Weirdness & Mutations

You are resistant to torment.
((Your stone body is resilient. (AC +4)))
You are immune to poison.
You resist negative energy. (rN+)
((You are resistant to electric shocks. (rElec)))
((You can survive without breathing.))
You are immune to petrification.
You are immune to miasma.


Message History

The orc wizard hits you but does no damage.
The kobold completely misses you.
The orc wizard hits you but does no damage.
The kobold hits you but does no damage. The orc barely misses you.
The orc wizard hits you but does no damage.
The kobold hits you but does no damage. x2
You hit the orc wizard.
The orc wizard is severely wounded.
The orc hits you but does no damage. The kobold barely misses you.
The orc wizard hits you but does no damage.
The kobold hits you but does no damage. The orc hits you but does no damage.
The orc wizard hits you but does no damage.
The kobold hits you but does no damage. x2
You hit the orc wizard.
The orc wizard is severely wounded.
Grinder blinks!
The orc hits you but does no damage. The kobold hits you but does no damage.
The orc wizard hits you but does no damage.
The kobold hits you.
You die...

.#... .#... #
##..... .. .....
... #.§. ....
#########.# ...#
#.....)KK.##....#
#.....o♣ob<..#
##############


You could see an orc wizard, an orc, a bat and 2 kobolds.

Vanquished Creatures
  An orc priest (D:3)
  4 adders (D:2)
  An ooze (D:2)
  An adder skeleton (D:2)
  3 worms (D:2)
  6 orcs (D:3)
  4 bats
  A giant cockroach (D:1)
  12 goblins
  4 hobgoblins
  5 kobolds
  2 quokkas (D:2)
  2 ball pythons
  5 frilled lizards
  3 rats (D:2)
54 creatures vanquished.

Notes
Turn   | Place    | Note
-------+----------+-------------------------------------------
     0 | D:1      | Borgoz the Gargoyle Gladiator began the quest for the Orb.
     0 | D:1      | Reached XP level 1. HP: 12/12 MP: 1/1
     6 | D:1      | Noticed a swamp worm
     6 | D:1      | Noticed a swamp drake
     6 | D:1      | Noticed a polar bear
     7 | D:1      | Noticed an anaconda
   323 | D:1      | Reached XP level 2. HP: 12/17 MP: 2/2
   829 | D:2      | Reached XP level 3. HP: 3/22 MP: 3/3
   842 | D:2      | Reached skill level 1 in Armour
  1332 | D:2      | Found a snail-covered altar of Cheibriados.
  1419 | D:2      | Reached XP level 4. HP: 11/27 MP: 4/4
  1597 | D:2      | Found a shadowy altar of Dithmenos.
  2266 | D:3      | Noticed Grinder
  2274 | D:3      | HP: 2/40 [orc wizard/magic dart (7)]
  2279 | D:3      | Reached skill level 4 in Maces & Flails
  2279 | D:3      | Reached XP level 5. HP: 4/32 MP: 5/5
  2295 | D:3      | HP: 2/48 [ball python (1)]
  2306 | D:3      | HP: 1/48 [orc wizard/magic dart (3)]
  2309 | D:3      | Slain by a kobold

Illustrated notes

Levels and vault maps discovered:
D:1:      onia_arrival_zoo_common, layout_basic
D:2:      kennysheep_the_goblin_king, layout_rooms,
          grunt_dithmenos_smoke_and_mirrors, cheibriados_altar_1
D:3:      layout_loops_ring, minitemple, chequers_ecumenical_altar_lobes,
          minmay_crystal_water, uniq_terence, uniq_grinder, uniq_sigmund

Skill      XL: |  1  2  3  4 |
---------------+-------------+-----
Armour         | 1 2 |  2.1
Dodging        | 3 |  3.3
Fighting       | 3 |  3.0
Maces & Flails | 4 |  4.1
Throwing       | |  1.7

Action                   |  1- 3 |  4- 6 || total
-------------------------+-------+-------++-------
Melee: Flail             |   109 |   104 ||   213
  Use: Potion            |     1 |     6 ||     7
Armor: Leather armour    |    53 |    41 ||    94
       Skin              |       |   152 ||   152
Dodge: Dodged            |    77 |   107 ||   184
